RES
ROCKDALE CRUSHERS @ LIDCOMBE SWANS
05/14/2022
 
TOP OF THE 1ST
Rockdale Crushers batting - Pitching for Lidcombe Swans : RHP Jim Harold
Pitching: RHP Jim Harold
Batting: RHB J.J. Jones 0-0: Ball
1-0: Foul Ball, location: 3SF
1-1: Called Strike
1-2: Strikes out swinging
Batting: RHB Brad Silk 0-0: Ball
1-0: Fly out, F7 (Line Drive, 78S, EV 88.8 MPH)
Batting: SHB Johnny Knight 0-0: Foul Ball, location: 3DF
0-1: Foul Ball, location: 2F
0-2: Fly out, F8 (Flyball, 8RD, EV 94.4 MPH)
Top of the 1st over - 0 runs, 0 hits, 0 errors, 0 left on base; Rockdale 0 - Lidcombe 0
BOTTOM OF THE 1ST
Lidcombe Swans batting - Pitching for Rockdale Crushers : RHP Chet Hopoate
Pitching: RHP Chet Hopoate
Batting: RHB Kurtis Hetherington 0-0: Called Strike
0-1: Foul Ball, location: 9LSF
0-2: Fly out, F8 (Line Drive, 8RD, EV 103.8 MPH)
Batting: LHB Denis Wych 0-0: Swinging Strike
0-1: Ball
1-1: DOUBLE (Line Drive, 5D, EV 97.5 MPH)
Batting: RHB Bill Lindner 0-0: Foul Ball, location: 2F
0-1: Ball
1-1: Ball
Denis Wych steals 3rd base
2-1: Swinging Strike
2-2: Ground out 5-3 (Groundball, 56S, EV 84.4 MPH)
Denis Wych scores
Batting: LHB Tony Bellett 0-0: Ball
1-0: Foul Ball, location: 2F
1-1: Ball
2-1: Foul Ball, location: 2F
2-2: Foul Ball, location: 3SF
2-2: Ball
3-2: Fly out, F7 (Flyball, 7D, EV 93.1 MPH)
Bottom of the 1st over - 1 run, 1 hit, 0 errors, 0 left on base; Rockdale 0 - Lidcombe 1
TOP OF THE 2ND
Rockdale Crushers batting - Pitching for Lidcombe Swans : RHP Jim Harold
Batting: SHB Mark Kinsley 0-0: Ground out 3-1 (Groundball, 3S, EV 66.3 MPH)
Batting: RHB Jerod Quarles 0-0: Called Strike
0-1: Fly out, F6 (Flyball, 6D, EV 95.6 MPH)
Batting: RHB Eugene Pilcher 0-0: Called Strike
0-1: Called Strike
0-2: Ball
1-2: Strikes out swinging
Top of the 2nd over - 0 runs, 0 hits, 0 errors, 0 left on base; Rockdale 0 - Lidcombe 1
BOTTOM OF THE 2ND
Lidcombe Swans batting - Pitching for Rockdale Crushers : RHP Chet Hopoate
Batting: LHB Reegan Meggison 0-0: Ball
1-0: Called Strike
1-1: Ball
2-1: SINGLE (Groundball, 2R, EV 71.3 MPH) (infield hit)
Batting: LHB Zachariah Folkes 0-0: Foul Ball, location: 7LDF
0-1: DOUBLE (Line Drive, 89M, EV 93.1 MPH)
Reegan Meggison to third
Batting: RHB Linc Ellis 0-0: Ground out 5-3 (Groundball, 56, EV 103.1 MPH)
Batting: LHB Cal Sheldrake 0-0: Ball
1-0: Foul Ball, location: 3F
1-1: Ball
2-1: Ground out 6-3 (Groundball, 6M, EV 78.1 MPH)
Reegan Meggison scores
Batting: SHB Chris Martyn 0-0: Ball
1-0: Foul Ball, location: 7LMF
1-1: Swinging Strike
1-2: Ground out 4-3 (Groundball, 4, EV 81.3 MPH)
Bottom of the 2nd over - 1 run, 2 hits, 0 errors, 1 left on base; Rockdale 0 - Lidcombe 2
TOP OF THE 3RD
Rockdale Crushers batting - Pitching for Lidcombe Swans : RHP Jim Harold
Batting: SHB Quincy Provan 0-0: Ball
1-0: Foul Ball, location: 2F
1-1: Foul Ball, location: 7LMF
1-2: Strikes out swinging
Batting: RHB Luke Thornett 0-0: Swinging Strike
0-1: Foul Ball, location: 9LDF
0-2: Ball
1-2: SINGLE (Line Drive, 56, EV 95.0 MPH)
Batting: RHB Jim Unknown 0-0: Foul Ball, location: 2F
0-1: Foul Ball, location: 2F
0-2: Strikes out looking
Batting: RHB J.J. Jones 0-0: Called Strike
0-1: Ball
1-1: Ball
2-1: Foul Ball, location: 3DF
2-2: Ball
Wild Pitch!
Luke Thornett to second
3-2: SINGLE (Groundball, 56D, EV 103.8 MPH)
Luke Thornett to third
Runner from 3rd tries for Home, SAFE, throw by LF to home
Batting: RHB Brad Silk 0-0: Called Strike
0-1: Ball
1-1: Fly out, F2 (Popup, 2L, EV 96.9 MPH)
Top of the 3rd over - 1 run, 2 hits, 0 errors, 1 left on base; Rockdale 1 - Lidcombe 2
BOTTOM OF THE 3RD
Lidcombe Swans batting - Pitching for Rockdale Crushers : RHP Chet Hopoate
Batting: RHB Kurtis Hetherington 0-0: Ground out 6-3 (Groundball, 6, EV 86.9 MPH)
Batting: LHB Denis Wych 0-0: Ball
1-0: Ball
2-0: Called Strike
2-1: Ball
3-1: Foul Ball, location: 2F
3-2: Strikes out swinging
Batting: RHB Bill Lindner 0-0: Ground out 5-3 (Groundball, 56, EV 86.3 MPH)
Bottom of the 3rd over - 0 runs, 0 hits, 0 errors, 0 left on base; Rockdale 1 - Lidcombe 2
TOP OF THE 4TH
Rockdale Crushers batting - Pitching for Lidcombe Swans : RHP Jim Harold
Batting: SHB Johnny Knight 0-0: Ball
1-0: Called Strike
1-1: Foul Ball, location: 2RF
1-2: Ball
2-2: Ball
3-2: Fly out, F8 (Flyball, 8LM, EV 82.5 MPH)
Batting: SHB Mark Kinsley 0-0: SOLO HOME RUN (Flyball, 89XD, EV 102.5 MPH), Distance : 400 ft
Batting: RHB Jerod Quarles 0-0: Called Strike
0-1: Ball
1-1: Swinging Strike
1-2: Strikes out swinging
Batting: RHB Eugene Pilcher 0-0: Foul Ball, location: 2F
0-1: Ball
1-1: Ball
2-1: Ball
3-1: Base on Balls
Batting: SHB Quincy Provan 0-0: Ball
1-0: Ball
2-0: Called Strike
2-1: Called Strike
2-2: Foul Ball, location: 2F
2-2: Ball
3-2: Foul Ball, location: 5SF
3-2: Foul Ball, location: 7LSF
3-2: DOUBLE (Flyball, 78XD, EV 93.1 MPH)
Eugene Pilcher to third
Eugene Pilcher scores
Batting: RHB Luke Thornett 0-0: Called Strike
0-1: Foul Ball, location: 9LDF
0-2: Ball
1-2: Strikes out looking
Top of the 4th over - 2 runs, 2 hits, 0 errors, 1 left on base; Rockdale 3 - Lidcombe 2
BOTTOM OF THE 4TH
Lidcombe Swans batting - Pitching for Rockdale Crushers : RHP Chet Hopoate
Batting: LHB Tony Bellett 0-0: Foul Ball, location: 23FF
0-1: Ball
1-1: DOUBLE (Flyball, 78XD, EV 103.1 MPH)
Batting: LHB Reegan Meggison 0-0: Ball
1-0: Ball
2-0: Called Strike
2-1: Ball
3-1: DOUBLE (Line Drive, 78D, EV 106.9 MPH)
Tony Bellett scores
Pitching: RHP Colin Woolland
Batting: LHB Zachariah Folkes 0-0: Ball
1-0: Ground out U3 (Groundball, 3, EV 110.6 MPH)
Reegan Meggison to third
Batting: RHB Linc Ellis 0-0: Ball
1-0: Called Strike
1-1: Ball
2-1: Single, Error in OF, E9, batter to second base (Groundball, 34D, EV 103.8 MPH)
Reegan Meggison scores
Batting: LHB Cal Sheldrake 0-0: Called Strike
0-1: Ball
1-1: Called Strike
1-2: Foul Ball, location: 7LDF
1-2: Foul Ball, location: 7LDF
1-2: Ball
2-2: Ball
3-2: Ground out U3 (Groundball, 3, EV 88.8 MPH)
Linc Ellis to third
Batting: SHB Chris Martyn 0-0: Called Strike
0-1: Ball
1-1: Foul Ball, location: 7LSF
1-2: Foul Ball, location: 7LSF
1-2: Foul Ball, location: 2F
1-2: Ground out 4-3 (Groundball, 34D, EV 106.9 MPH)
Bottom of the 4th over - 2 runs, 3 hits, 1 error, 1 left on base; Rockdale 3 - Lidcombe 4
TOP OF THE 5TH
Rockdale Crushers batting - Pitching for Lidcombe Swans : RHP Jim Harold
Batting: RHB Jim Unknown 0-0: Ball
1-0: Fly out, F8 (Flyball, 8RD, EV 110.6 MPH)
Batting: RHB J.J. Jones 0-0: Swinging Strike
0-1: Ball
1-1: Foul Ball, location: 5DF
1-2: Ball
2-2: Strikes out swinging
Batting: RHB Brad Silk 0-0: Called Strike
0-1: Called Strike
0-2: Ground out 6-3 (Groundball, 6, EV 85.0 MPH)
Top of the 5th over - 0 runs, 0 hits, 0 errors, 0 left on base; Rockdale 3 - Lidcombe 4
BOTTOM OF THE 5TH
Lidcombe Swans batting - Pitching for Rockdale Crushers : RHP Colin Woolland
Batting: RHB Kurtis Hetherington 0-0: Ball
1-0: Fly out, F9 (Flyball, 89M, EV 76.9 MPH)
Batting: LHB Denis Wych 0-0: Ball
1-0: Ground out 4-3 (Groundball, 4, EV 84.4 MPH)
Batting: RHB Bill Lindner 0-0: Ground out 5-3 (Groundball, 56, EV 81.3 MPH)
Bottom of the 5th over - 0 runs, 0 hits, 0 errors, 0 left on base; Rockdale 3 - Lidcombe 4
TOP OF THE 6TH
Rockdale Crushers batting - Pitching for Lidcombe Swans : RHP Jim Harold
Batting: SHB Johnny Knight 0-0: Ball
1-0: Ball
2-0: Foul Ball, location: 7LMF
2-1: Called Strike
2-2: Strikes out swinging
Batting: SHB Mark Kinsley 0-0: Ball
1-0: Ball
2-0: Ball
3-0: Called Strike
3-1: Base on Balls
Batting: RHB Jerod Quarles 0-0: Called Strike
0-1: Foul Ball, location: 3SF
0-2: Ball
1-2: Strikes out looking
Batting: RHB Eugene Pilcher 0-0: Fly out, F8 (Line Drive, 78M, EV 86.3 MPH)
Top of the 6th over - 0 runs, 0 hits, 0 errors, 1 left on base; Rockdale 3 - Lidcombe 4
BOTTOM OF THE 6TH
Lidcombe Swans batting - Pitching for Rockdale Crushers : RHP Colin Woolland
Batting: LHB Tony Bellett 0-0: Foul Ball, location: 3FF
0-1: Ball
1-1: Swinging Strike
1-2: Strikes out looking
Batting: LHB Reegan Meggison 0-0: Ball
1-0: Fly out, F8 (Flyball, 8RXD, EV 107.5 MPH)
Batting: LHB Zachariah Folkes 0-0: Ball
1-0: Ball
2-0: Ball
3-0: Called Strike
3-1: Ground out 6-3 (Groundball, 6, EV 99.4 MPH)
Bottom of the 6th over - 0 runs, 0 hits, 0 errors, 0 left on base; Rockdale 3 - Lidcombe 4
TOP OF THE 7TH
Rockdale Crushers batting - Pitching for Lidcombe Swans : RHP Jim Harold
Batting: SHB Quincy Provan 0-0: Ball
1-0: Called Strike
1-1: Foul Ball, location: 2F
1-2: DOUBLE (Groundball, 5L, EV 100.6 MPH)
Batting: RHB Luke Thornett 0-0: Called Strike
0-1: Ball
1-1: Foul Ball, location: 23FF
1-2: Ball
2-2: Strikes out swinging
Batting: LHB Steve Smith 0-0: Foul Ball, location: 3FF
0-1: Called Strike
0-2: Ground out 4-3 (Groundball, 34D, EV 95.6 MPH)
Quincy Provan to third
Batting: RHB J.J. Jones 0-0: Swinging Strike
0-1: Ball
1-1: Foul Ball, location: 9LSF
1-2: Ball
2-2: SINGLE (Flyball, 89S, EV 89.4 MPH)
Quincy Provan scores
Pitching: RHP Bob Sheard
Batting: RHB Brad Silk 0-0: Ball
1-0: Ball
2-0: Fly out, F7 (Flyball, 78S, EV 93.8 MPH)
Top of the 7th over - 1 run, 2 hits, 0 errors, 1 left on base; Rockdale 4 - Lidcombe 4
BOTTOM OF THE 7TH
Lidcombe Swans batting - Pitching for Rockdale Crushers : RHP Colin Woolland
Pitching: RHP Michael Bebbington
Batting: RHB Linc Ellis 0-0: Called Strike
0-1: Ball
1-1: SINGLE (Groundball, 56D, EV 93.8 MPH)
Batting: LHB Cal Sheldrake 0-0: Ball
1-0: Called Strike
1-1: Ball
2-1: Foul Ball, location: 2F
2-2: Strikes out swinging
Batting: SHB Chris Martyn 0-0: Ball
1-0: Ball
2-0: Grounds into double play, 4-6-3 (Groundball, 4M, EV 88.8 MPH)
Bottom of the 7th over - 0 runs, 1 hit, 0 errors, 0 left on base; Rockdale 4 - Lidcombe 4
TOP OF THE 8TH
Rockdale Crushers batting - Pitching for Lidcombe Swans : RHP Bob Sheard
Batting: SHB Johnny Knight 0-0: Ball
1-0: Ball
2-0: Called Strike
2-1: Ball
3-1: Called Strike
3-2: Base on Balls
Batting: SHB Mark Kinsley 0-0: Ball
1-0: Ball
2-0: Foul Ball, location: 3FF
2-1: Swinging Strike
2-2: Strikes out swinging
Pinch Hitting: SHB Fred Baverstock 0-0: Called Strike
0-1: Ball
1-1: Foul Ball, location: 2F
1-2: Ball
2-2: Strikes out swinging
Batting: RHB Eugene Pilcher 0-0: Ball
1-0: Ball
2-0: Called Strike
2-1: Foul Ball, location: 3DF
2-2: Ball
3-2: Foul Ball, location: 2F
3-2: SINGLE (Groundball, 56S, EV 63.1 MPH) (infield hit)
Johnny Knight to second
Batting: SHB Quincy Provan 0-0: Ball
1-0: Called Strike
1-1: Foul Ball, location: 7LMF
1-2: SINGLE (Flyball, 5D, EV 96.9 MPH)
Johnny Knight to third
Eugene Pilcher to second
Pinch Hitting: LHB Greg Woods 0-0: Ground out 6-3 (Groundball, 6M, EV 88.8 MPH)
Top of the 8th over - 0 runs, 2 hits, 0 errors, 3 left on base; Rockdale 4 - Lidcombe 4
BOTTOM OF THE 8TH
Lidcombe Swans batting - Pitching for Rockdale Crushers : RHP Michael Bebbington
Now at C: Ken Doel
Now at 3B: Anaru Hulama
Batting: RHB Kurtis Hetherington 0-0: Ball
1-0: Ball
2-0: Foul Ball, location: 3DF
2-1: Foul Ball, location: 2F
2-2: Ball
3-2: Foul Ball, location: 3DF
3-2: Fly out, F9 (Flyball, 9, EV 90.6 MPH)
Batting: LHB Denis Wych 0-0: Called Strike
0-1: Called Strike
0-2: Ball
1-2: Ground out 4-3 (Groundball, 4, EV 101.9 MPH)
Batting: RHB Bill Lindner 0-0: Called Strike
0-1: Ball
1-1: Swinging Strike
1-2: Strikes out looking
Bottom of the 8th over - 0 runs, 0 hits, 0 errors, 0 left on base; Rockdale 4 - Lidcombe 4
TOP OF THE 9TH
Rockdale Crushers batting - Pitching for Lidcombe Swans : RHP Bob Sheard
Batting: LHB Steve Smith 0-0: Ball
1-0: Foul Ball, location: 3FF
1-1: SINGLE (Line Drive, 4D, EV 94.4 MPH)
Batting: RHB J.J. Jones 0-0: Foul Ball, location: 7LMF
0-1: Ball
Steve Smith steals 2nd base
1-1: Ball
2-1: Foul Ball, location: 9LDF
2-2: Ball
3-2: Fly out, F9 (Flyball, 9LSF, EV 94.4 MPH)
Batting: RHB Brad Silk 0-0: Ball
1-0: Ball
2-0: Called Strike
2-1: Ball
3-1: Swinging Strike
3-2: Base on Balls
Pitching: RHP Fabian Ollson
Batting: SHB Johnny Knight 0-0: Ball
1-0: Ball
2-0: Called Strike
2-1: Foul Ball, location: 7LMF
2-2: Foul Ball, location: 7LDF
2-2: Fly out, F9 (Line Drive, 89M, EV 88.8 MPH)
Batting: SHB Mark Kinsley 0-0: Ground out U3 (Groundball, 3S, EV 70.6 MPH)
Top of the 9th over - 0 runs, 1 hit, 0 errors, 2 left on base; Rockdale 4 - Lidcombe 4
BOTTOM OF THE 9TH
Lidcombe Swans batting - Pitching for Rockdale Crushers : RHP Michael Bebbington
Batting: LHB Tony Bellett 0-0: Called Strike
0-1: Ball
1-1: Ball
2-1: Foul Ball, location: 2F
2-2: Strikes out swinging
Batting: LHB Reegan Meggison 0-0: Foul Ball, location: 25FF
0-1: Foul Ball, location: 5F
0-2: Ball
1-2: Strikes out swinging
Batting: LHB Zachariah Folkes 0-0: Ground out 6-3 (Groundball, 6M, EV 81.3 MPH)
Bottom of the 9th over - 0 runs, 0 hits, 0 errors, 0 left on base; Rockdale 4 - Lidcombe 4
TOP OF THE 10TH
Rockdale Crushers batting - Pitching for Lidcombe Swans : RHP Fabian Ollson
Pitching: RHP Paul Batchelor
Pinch Hitting: LHB Felipe Ruiz 0-0: Foul Ball, location: 2F
0-1: SINGLE (Line Drive, 4M, EV 95.0 MPH)
Batting: RHB Eugene Pilcher 0-0: Bunted foul
0-1: Bunt missed!
0-2: Fly out, F9 (Line Drive, 9S, EV 89.4 MPH)
Batting: SHB Quincy Provan 0-0: Swinging Strike
0-1: Foul Ball, location: 7LMF
0-2: Ball
1-2: Strikes out swinging
Batting: RHB Anaru Hulama 0-0: Called Strike
0-1: Ball
1-1: Ball
2-1: Foul Ball, location: 5FF
2-2: Ball
3-2: Strikes out looking
Top of the 10th over - 0 runs, 1 hit, 0 errors, 1 left on base; Rockdale 4 - Lidcombe 4
BOTTOM OF THE 10TH
Lidcombe Swans batting - Pitching for Rockdale Crushers : RHP Michael Bebbington
Pitching: RHP Germaine Holdsworth
Now at C: Felipe Ruiz
Batting: RHB Linc Ellis 0-0: Ball
1-0: Ball
2-0: Foul Ball, location: 2F
2-1: Ground out 6-3 (Groundball, 6, EV 100.0 MPH)
Batting: LHB Cal Sheldrake 0-0: Called Strike
0-1: Ball
1-1: Ground out 1-3 (Groundball, 15S, EV 74.4 MPH)
Batting: SHB Chris Martyn 0-0: Foul Ball, location: 7LSF
0-1: Ball
1-1: Ball
2-1: Ball
3-1: Called Strike
3-2: Foul Ball, location: 2F
3-2: Strikes out swinging
Bottom of the 10th over - 0 runs, 0 hits, 0 errors, 0 left on base; Rockdale 4 - Lidcombe 4
TOP OF THE 11TH
Rockdale Crushers batting - Pitching for Lidcombe Swans : RHP Paul Batchelor
Batting: LHB Steve Smith 0-0: Called Strike
0-1: Ball
1-1: Ball
2-1: Ball
3-1: Fly out, F5 (Popup, 5SF, EV 79.4 MPH)
Batting: RHB J.J. Jones 0-0: Ground out 6-3 (Groundball, 6, EV 80.0 MPH)
Batting: RHB Brad Silk 0-0: Ball
1-0: Foul Ball, location: 2F
1-1: Foul Ball, location: 23F
1-2: Ball
2-2: DOUBLE (Flyball, 8RD, EV 91.3 MPH)
Batting: SHB Johnny Knight 0-0: Foul Ball, location: 7LDF
0-1: Swinging Strike
0-2: Foul Ball, location: 7LSF
0-2: Strikes out swinging
Top of the 11th over - 0 runs, 1 hit, 0 errors, 1 left on base; Rockdale 4 - Lidcombe 4
BOTTOM OF THE 11TH
Lidcombe Swans batting - Pitching for Rockdale Crushers : RHP Germaine Holdsworth
Batting: RHB Kurtis Hetherington 0-0: Called Strike
0-1: Ball
1-1: Ball
2-1: Fly out, F7 (Line Drive, 7, EV 88.8 MPH)
Batting: LHB Denis Wych 0-0: Ball
1-0: Ball
2-0: Ball
3-0: Called Strike
3-1: Foul Ball, location: 25F
3-2: Foul Ball, location: 5F
3-2: Base on Balls
Batting: RHB Bill Lindner 0-0: Called Strike
0-1: Foul Ball, location: 2F
0-2: SINGLE (Line Drive, 8RS, EV 110.0 MPH)
Denis Wych to second
Batting: LHB Tony Bellett 0-0: Called Strike
0-1: Ball
1-1: Foul Ball, location: 7LMF
1-2: Strikes out swinging
Batting: LHB Reegan Meggison 0-0: Foul Ball, location: 5FF
0-1: Ball
1-1: Foul Ball, location: 2F
1-2: SINGLE (Line Drive, 8LS, EV 97.5 MPH)
Denis Wych to third
Bill Lindner to second
Runner from 3rd tries for Home, SAFE, throw by CF to home
Bottom of the 11th over - 1 run, 2 hits, 0 errors, 2 left on base; Rockdale 4 - Lidcombe 5
Wednesday, May 1st , 2024 - OOTP Baseball 24.9 Build 80